Map: Golden Wall LE

Players

soO - Winner!

  • Race: Zerg Zerg
  • Spawn Location: 7:00

INnoVation

  • Race: Terran Terran
  • League: Master
  • Spawn Location: 5:00

Event: Shopify TSL 5

VOD

Have the link to the VOD?

Description

Time

  • Played on: June 7, 2020, 11:42 a.m.
  • Length: 16:48

All games in this series

Show
View Real Time Build Order
Export as new Build Order

soO Zerg - Winner!

Build Orders: Hatch First, Muta Ling Bane 

Get SALT Encoding   

  12  0:00  Drone  
  13  0:12  Overlord  
  13  0:17  Drone  
  14  0:30  Drone x2  
  16  0:47  Hatchery  
  15  0:51  Drone  
  15  0:55  Drone  
  17  0:58  Drone  
  18  1:09  Extractor  
  17  1:14  Spawning Pool  
  17  1:17  Drone  
  17  1:20  Drone  
  18  1:28  Drone  
  19  1:38  Drone  
  20  1:49  Overlord  
  20  2:01  Zergling x2, Queen x2  
  22  2:02  Zergling x2  
  26  2:12  Drone  
  26  2:13  Drone  
  28  2:21  Metabolic Boost  
  28  2:22  Drone x2  
  30  2:37  Hatchery  
  30  2:42  Queen  
  31  2:47  Overlord  
  31  2:50  Drone  
  32  2:53  Drone  
  32  2:55  Drone  
  34  2:59  Drone  
  34  3:01  Drone  
  36  3:10  Drone x2  
  36  3:11  Drone x2  
  36  3:12  Drone  
  41  3:16  Overlord  
  41  3:22  Queen  
  41  3:26  Drone  
  44  3:35  Drone x2  
  44  3:39  Drone  
  44  3:40  Drone  
  48  3:41  Drone  
  48  3:42  Overlord  
  48  3:44  Drone  
  50  3:52  Queen  
  50  3:53  Overlord, Drone  
  53  3:56  Zergling x2  
  53  3:57  Zergling x2  
  53  3:58  Queen  
  53  4:01  Drone  
  53  4:02  Drone  
  59  4:08  Drone x2, Extractor  
  59  4:09  Drone  
  61  4:14  Zergling x4  
  61  4:16  Lair  
  63  4:18  Drone  
  63  4:20  Drone  
  63  4:21  Drone  
  66  4:25  Baneling Nest  
  66  4:26  Drone x2  
  66  4:31  Drone  
  68  4:32  Drone  
  68  4:33  Drone  
  68  4:34  Drone x3  
  73  4:44  Spore Crawler, Drone  
  73  4:47  Drone  
  73  4:49  Extractor  
  73  4:50  Spore Crawler  
  73  4:52  Drone x2  
  74  4:53  Evolution Chamber, Drone  
  74  4:54  Evolution Chamber, Drone  
  74  5:00  Overlord  
  74  5:10  Zergling x2  
  74  5:14  Zergling x4  
  74  5:19  Drone x3  
  76  5:23  Centrifical Hooks  
  76  5:24  Drone, Zerg Ground Armor Level 1  
  76  5:25  Drone x4  
  76  5:27  Extractor  
  80  5:31  Overlord  
  80  5:34  Hatchery  
  79  5:41  Overlord x2  
  78  5:44  Zerg Melee Weapons Level 1  
  78  5:46  Overlord  
  78  5:51  Overlord  
  78  5:56  Overlord  
  78  5:58  Spire  
  78  6:01  Drone x8, Extractor  
  78  6:02  Extractor  
  83  6:04  Drone x2  
  85  6:11  Drone x2  
  85  6:12  Zergling x4  
  89  6:19  Zergling x10  
  94  6:25  Zergling x2  
  94  6:26  Zergling x6  
  98  6:34  Drone  
  98  6:35  Zergling x2, Spore Crawler, Baneling x5  
  98  6:36  Zergling x6  
  102  6:41  Drone  
  102  6:42  Zergling x2  
  105  6:47  Zergling x4  
  106  6:54  Drone  
  106  6:55  Drone  
  108  7:11  Mutalisk x5  
  108  7:12  Overlord x2  
  108  7:14  Overlord  
  108  7:15  Zerg Flyer Weapons Level 1  
  118  7:16  Overlord  
  118  7:18  Overlord  
  118  7:21  Overlord  
  118  7:22  Overlord  
  103  7:40  Zergling x28  
  117  7:45  Mutalisk x3  
  117  7:49  Drone x3  
  117  7:50  Zerg Ground Armor Level 2, Zerg Melee Weapons Level 2  
  126  7:56  Drone  
  126  7:57  Drone x3  
  130  8:01  Mutalisk x3  
  136  8:06  Drone  
  136  8:07  Pneumatized Carapace, Drone  
  136  8:08  Zergling x2  
  136  8:09  Zergling x4, Extractor  
  140  8:12  Baneling  
  140  8:13  Baneling x3  
  140  8:16  Zergling x2  
  140  8:17  Zergling x4  
  140  8:19  Baneling x3  
  143  8:20  Baneling  
  143  8:21  Zergling x2  
  143  8:26  Mutalisk  
  145  8:27  Zergling x10  
  145  8:32  Zergling x8  
  145  8:34  Baneling x5  
  154  8:38  Zergling x4  
  154  8:39  Zergling x8  
  150  8:49  Mutalisk x2  
  150  8:54  Zergling x18  
  147  9:07  Mutalisk x3  
  147  9:09  Zergling x8  
  141  9:20  Mutalisk x2  
  141  9:21  Mutalisk  
  141  9:23  Zergling x2  
  139  9:29  Drone x4  
  143  9:32  Overseer  
  143  9:36  Baneling x10  
  143  9:42  Hatchery  
  143  9:43  Zergling x12  
  143  9:44  Zerg Flyer Weapons Level 2  
  148  9:49  Hatchery, Drone  
  148  9:50  Zergling x6  
  151  9:53  Baneling x5  
  151  9:54  Zergling x6  
  154  10:01  Drone x4  
  154  10:02  Drone  
  154  10:05  Overlord  
  159  10:10  Overlord  
  159  10:12  Zergling x8  
  159  10:13  Zergling x4  
  165  10:17  Infestation Pit  
  165  10:20  Zergling x6  
  165  10:29  Zergling x18  
  165  10:30  Overseer  
  165  10:33  Baneling x7  
  174  10:35  Zergling x2  
  174  10:36  Zergling x8  
  174  10:40  Overlord  
  179  10:45  Zergling x8  
  183  10:52  Overlord x2  
  183  10:54  Overlord  
  183  10:58  Hive  
  183  11:03  Zergling x12  
  183  11:04  Zergling x14, Baneling  
  196  11:05  Baneling x14  
  196  11:09  Drone  
  196  11:10  Drone x2  
  199  11:24  Baneling x7  
  199  11:25  Baneling  
  199  11:39  Baneling x2  
  197  11:43  Extractor  
  197  11:44  Zergling x8  
  195  12:01  Zerg Flyer Armor Level 1  
  190  12:06  Zergling x28  
  198  12:24  Adrenal Glands  
  198  12:25  Zerg Melee Weapons Level 3, Zerg Ground Armor Level 3  
  198  12:27  Ultralisk Cavern  
  196  12:31  Zergling x6  
  196  12:35  Hatchery  
  198  12:38  Baneling x2  
  177  12:45  Zergling x32  
  173  12:51  Zergling x18  
  173  12:57  Zergling x10  
  182  13:05  Zergling x10  
  168  13:19  Ultralisk x4  
  189  13:20  Chitinous Plating  
  189  13:23  Overseer  
  189  13:24  Overseer x2  
  189  13:25  Baneling x11  
  187  13:27  Zergling x18  
  189  13:40  Zergling x20  
  195  13:44  Overseer x2  
  195  13:50  Baneling x7  
  195  13:59  Drone x2  
  195  14:01  Zergling x4  
  199  14:03  Spore Crawler  
  199  14:04  Zerg Flyer Weapons Level 3  
  199  14:08  Baneling x5  
  198  14:10  Baneling x6  
  198  14:23  Baneling  
  198  14:24  Baneling x3  
  198  14:36  Zergling x20  
  199  14:38  Anabolic Synthesis  
  162  14:56  Zergling x16, Ultralisk x3  
  162  14:57  Zergling x24  
  199  15:06  Baneling x10  
  192  15:15  Zergling x20  
  189  15:31  Baneling  
  189  15:32  Baneling x10  
  189  15:33  Zergling x4, Ultralisk  
  189  15:34  Zergling x6  
  200  15:36  Hatchery  
  200  15:37  Overseer x2  
  198  15:44  Drone  
  197  16:13  Zergling x6  
  193  16:30  Zergling x14  
Show
View Real Time Build Order
Export as new Build Order

INnoVation Terran 

Build Orders: Hellion Opening, Liberator Opening, Reaper Expand 

Get SALT Encoding   

  12  0:00  SCV  
  13  0:12  SCV  
  14  0:17  Supply Depot  
  14  0:24  SCV  
  15  0:38  SCV  
  15  0:40  Barracks  
  16  0:44  Refinery  
  16  0:51  SCV  
  17  1:03  SCV  
  18  1:15  SCV  
  19  1:26  Reaper  
  19  1:27  Orbital Command  
  20  1:41  Command Center  
  20  1:52  SCV, Supply Depot  
  21  1:58  Marine  
  22  2:04  SCV  
  23  2:15  Refinery  
  23  2:16  SCV, Factory  
  23  2:20  Barracks Reactor  
  24  2:29  SCV  
  25  2:41  SCV  
  26  2:52  Orbital Command  
  26  2:53  SCV  
  27  3:00  Starport  
  27  3:05  SCV  
  28  3:06  Hellion x2, Barracks Tech Lab  
  32  3:15  Supply Depot  
  32  3:17  SCV  
  33  3:21  SCV  
  33  3:28  Hellion x2  
  33  3:29  SCV  
  38  3:35  SCV  
  38  3:37  Viking  
  38  3:40  Stimpack  
  41  3:41  SCV  
  41  3:47  SCV  
  43  3:53  SCV  
  43  3:55  Supply Depot, Hellion  
  48  3:56  Hellion  
  48  3:59  SCV  
  49  4:05  SCV  
  49  4:06  Liberator  
  53  4:12  SCV  
  54  4:17  SCV  
  54  4:20  Command Center  
  55  4:27  SCV  
  55  4:29  Factory Reactor  
  55  4:30  SCV  
  57  4:35  Supply Depot, Barracks  
  57  4:39  SCV  
  57  4:42  SCV  
  57  4:43  Barracks  
  57  4:44  Marine  
  60  4:51  Starport Reactor  
  60  4:52  Engineering Bay x2  
  60  4:56  SCV x2  
  62  5:00  Supply Depot  
  62  5:02  Marine  
  62  5:04  Refinery  
  62  5:05  Refinery  
  63  5:10  SCV x2  
  55  5:17  Factory Tech Lab  
  55  5:19  Marine  
  55  5:21  Terran Infantry Weapons Level 1, Terran Infantry Armor Level 1  
  54  5:22  SCV x2, Missile Turret  
  54  5:23  Marine  
  54  5:27  Combat Shield  
  57  5:30  Missile Turret  
  57  5:34  SCV  
  59  5:35  Orbital Command  
  59  5:37  SCV  
  59  5:39  Marine x2  
  61  5:43  Siege Tank  
  61  5:47  Marine x2  
  66  5:51  SCV, Missile Turret  
  66  5:53  SCV  
  68  5:58  Marine x3  
  68  6:01  Medivac  
  68  6:04  Medivac  
  75  6:05  Marine  
  75  6:06  Orbital Command  
  76  6:13  Supply Depot  
  76  6:16  SCV  
  76  6:17  SCV  
  76  6:18  Barracks x2  
  78  6:20  Siege Tank  
  78  6:24  Marine x4  
  85  6:27  Marine  
  85  6:31  SCV x2  
  85  6:32  SCV  
  89  6:39  Supply Depot  
  89  6:40  Armory  
  89  6:41  Supply Depot  
  89  6:43  Marine x4  
  89  6:45  Marine  
  89  6:46  SCV x2  
  96  6:48  SCV  
  96  6:53  Siege Tank  
  100  7:00  Medivac x2  
  104  7:01  Marine  
  104  7:02  Marine  
  104  7:03  Marine  
  104  7:04  Supply Depot x2  
  104  7:07  Barracks Reactor x2  
  107  7:09  Marine x2  
  107  7:12  Refinery  
  109  7:16  SCV  
  109  7:17  SCV x2  
  109  7:19  Marine  
  109  7:20  Marine  
  109  7:21  Marine  
  115  7:27  Marine x2  
  116  7:34  Siege Tank  
  115  7:37  Medivac x2, Marine  
  115  7:38  Marine x2  
  115  7:41  SCV x2  
  121  7:44  Missile Turret, Marine  
  121  7:45  Marine  
  121  7:47  Marine x4  
  125  7:51  Supply Depot  
  125  7:52  Supply Depot  
  125  7:55  Marine, Terran Infantry Weapons Level 2  
  125  7:56  Marine x2  
  128  8:00  Terran Infantry Armor Level 2  
  128  8:02  Marine x2  
  128  8:04  Marine  
  128  8:05  Marine x2  
  133  8:12  Marine  
  133  8:13  Marine, Siege Tank  
  133  8:14  Marine x2  
  133  8:17  Supply Depot  
  133  8:18  Supply Depot  
  133  8:19  Medivac  
  142  8:20  Marine x2  
  142  8:22  Marine x2  
  142  8:23  Marine  
  147  8:30  Marine x2  
  149  8:38  Marine x4  
  153  8:42  Supply Depot x2, Command Center  
  153  8:44  Factory  
  153  8:45  Siege Tank  
  148  8:53  Marine  
  148  8:54  Marine x4  
  141  8:56  Marine x4  
  131  9:06  Medivac x2  
  120  9:11  Marine  
  120  9:12  Marine x4  
  120  9:13  Marine  
  120  9:14  Marine x3  
  123  9:22  Drilling Claws  
  112  9:24  Thor  
  112  9:25  Terran Vehicle And Ship Armor Level 1  
  112  9:27  Factory Reactor  
  112  9:29  Missile Turret, Marine x5  
  121  9:31  Marine x2  
  121  9:37  Marine x2  
  125  9:41  SCV  
  125  9:42  SCV x2  
  125  9:45  Medivac x2, Missile Turret  
  130  9:47  Marine x4  
  134  9:54  SCV x3  
  134  9:56  Planetary Fortress  
  134  9:58  Missile Turret  
  137  10:02  Missile Turret  
  137  10:05  Missile Turret, Widow Mine  
  139  10:08  Widow Mine  
  139  10:11  Thor  
  147  10:15  SCV x3  
  147  10:20  Missile Turret  
  150  10:25  Medivac x2  
  150  10:27  Barracks  
  154  10:28  Barracks  
  154  10:29  Missile Turret, Barracks  
  154  10:31  Widow Mine x2  
  154  10:34  Marauder, Marine x4  
  154  10:35  Marine  
  165  10:41  SCV  
  168  10:48  Marine x3  
  171  10:52  Marine x3  
  171  10:53  Command Center, Widow Mine x2  
  171  10:56  Marauder  
  178  10:58  Medivac x2  
  178  11:01  Marine x2  
  184  11:05  Marine  
  184  11:06  Marine x2  
  184  11:09  Marine  
  184  11:10  Marine x2  
  190  11:11  Thor  
  190  11:12  Supply Depot  
  190  11:18  Barracks Tech Lab x2  
  196  11:19  Barracks Tech Lab  
  196  11:26  Refinery  
  196  11:27  Refinery, Marine  
  196  11:33  Marine  
  196  11:34  Marine x3  
  196  11:35  Supply Depot, Marauder  
  196  11:39  Terran Infantry Weapons Level 3  
  199  11:47  Widow Mine  
  199  11:48  Widow Mine  
  199  11:49  Marauder  
  200  12:00  Marauder  
  197  12:07  Marine x10  
  197  12:09  Widow Mine  
  197  12:10  Marine  
  200  12:21  Marine  
  195  12:24  Marine  
  195  12:25  Marine x5  
  195  12:26  Marauder x2  
  200  12:44  Marauder x2, Widow Mine, Thor  
  178  12:45  Widow Mine  
  178  12:47  Medivac x2, Marauder  
  160  12:53  Marine x9  
  160  13:05  Marauder x2  
  135  13:07  Widow Mine x2  
  135  13:08  Planetary Fortress, Marine  
  135  13:11  Marine x8  
  135  13:12  Marauder  
  144  13:18  Medivac x2  
  144  13:19  Missile Turret  
  145  13:26  Marauder x3  
  151  13:28  SCV  
  151  13:29  SCV  
  151  13:30  SCV  
  151  13:33  Marauder  
  146  13:35  SCV  
  146  13:38  Widow Mine x2  
  146  13:40  SCV  
  146  13:41  SCV  
  151  13:42  SCV  
  151  13:45  Terran Infantry Armor Level 3  
  151  13:48  SCV x2  
  153  13:52  SCV  
  153  13:56  Medivac x2  
  153  14:01  SCV, Missile Turret  
  153  14:02  SCV  
  159  14:09  Widow Mine x2  
  163  14:14  SCV x3  
  163  14:15  SCV  
  163  14:16  SCV, Marauder  
  170  14:21  Marauder, Marine  
  170  14:22  Marauder, Marine  
  176  14:25  Marauder, Marine  
  176  14:31  Liberator  
  179  14:33  Liberator  
  179  14:38  Marauder  
  182  14:43  Marauder x2  
  186  14:51  Marauder, Marine x8  
  161  14:59  Marauder  
  141  15:04  Marauder, Marine  
  141  15:06  Widow Mine  
  142  15:08  Marine  
  142  15:09  Marine x2  
  142  15:12  Marauder  
  147  15:15  Medivac, Marine  
  147  15:16  Medivac, Marine x4  
  147  15:21  Marauder  
  146  15:22  Marauder  
  146  15:26  Marauder, Marine  
  146  15:27  Marine x2  
  130  15:28  Thor  
  130  15:33  Marine x2  
  130  15:34  Marauder  
  140  15:39  Marine  
  140  15:40  Marine x2  
  140  15:42  Marauder  
  143  15:44  Marauder, Marine x3  
  143  15:45  Medivac  
  143  15:46  Medivac  
  143  15:47  Marauder  
  154  15:51  Marine x2  
  154  15:55  Marauder  
  149  15:57  Marine  
  149  16:03  Marine x6  
  155  16:04  Marine  
  155  16:08  Marine  
  155  16:09  Marine  
  147  16:16  Marauder, Command Center  
  146  16:22  Marauder, Command Center  
  146  16:23  Marine  
  146  16:24  Marine  
  154  16:26  Marine x2  
Tags
 
Add a new tag
Caveats
  • Supply blocks, unpowered buildings, or Contaminate may cause inaccurate times.
  • Supply counts are checked every 10 seconds.